 Dungeon Crawl Stone Soup version 0.21.1-1-g345015fe64 (webtiles) character file.

3914 Hercules1031 the Covert (level 10, 0/73 HPs)
             Began as a Spriggan Monk on June 22, 2018.
             Was a High Priest of Dithmenos.
             Engulfed by a steam dragon's steam (3 damage)
             ... on level 8 of the Dungeon.
             The game lasted 00:33:16 (6417 turns).

Hercules1031 the Covert (Spriggan Monk)             Turns: 6417, Time: 00:33:16

Health: 0/73       AC:  7    Str: 13    XL:     10   Next: 1%
Magic:  10/10      EV: 31    Int: 12    God:    Dithmenos [*****.]
Gold:   384        SH:  0    Dex: 21    Spells: 3/9 levels left

rFire    . . .     SeeInvis +   c - +5 dagger
rCold    . . .     Gourm    .   (shield restricted)
rNeg     . . .     Faith    .   b - +2 robe
rPois    +         Spirit   .   (helmet restricted)
rElec    .         Reflect  .   (no cloak)
rCorr    .         Harm     .   (gloves unavailable)
MR       +....                  (boots unavailable)
Stlth    ..........             (no amulet)
HPRegen  0.22/turn              k - +3 ring of protection
MPRegen  0.12/turn              (no ring)

@: berserking (expiring), wreathed by umbra, very quick
A: very small, unfitting armour, see invisible, herbivore, speed 3, low mp 1,
poison resistance, slow metabolism 2
a: Shadow Step, Shadow Form, Renounce Religion


You were on level 8 of the Dungeon.
You worshipped Dithmenos.
Dithmenos was extremely pleased with you.
You were full.

You visited 2 branches of the dungeon, and saw 9 of its levels.

You collected 384 gold pieces.

Inventory:

Hand Weapons
 c - a +5 dagger (weapon)
 m - a +0 rapier
 q - the +2 quarterstaff of Dim Light {crush, rN+ MR++ Stlth-}
   (You found it on level 7 of the Dungeon)

   It inflicts extra damage upon your enemies.
   It protects you from negative energy.
   It affects your resistance to hostile enchantments.
   It makes you less stealthy.
Missiles
 o - 22 tomahawks of dispersal (quivered)
Armour
 b - a +2 robe (worn)
Magical Staves
 g - an uncursed staff of energy
 n - an uncursed staff of earth
Jewellery
 k - a +3 ring of protection (left hand)
Scrolls
 f - 3 scrolls of remove curse
 h - 2 scrolls of enchant armour
 l - 2 scrolls of magic mapping
Books
 e - a book of Necromancy

   Spells                             Type                      Level
   a - Pain                           Necromancy                   1
   b - Animate Skeleton               Necromancy                   1
   c - Vampiric Draining              Necromancy                   3
   d - Regeneration                   Charms/Necromancy            3
   e - Animate Dead                   Necromancy                   4
   f - Borgnjor's Vile Clutch         Necromancy/Earth             5
Comestibles
 j - 3 rations


   Skills:
 - Level 3.1 Fighting
 + Level 8.1 Short Blades
 + Level 12.8 Dodging
 + Level 13.4 Stealth


You had 3 spell levels left.
You knew the following spells:

 Your Spells              Type           Power        Failure   Level  Hunger
a - Pain                  Necr           #...         32%         1    ##.....
b - Borgnjor's Vile Clut  Necr/Erth      #.........   100%        5    ######.


Dungeon Overview and Level Annotations

Branches:
Dungeon (8/15)             Temple (1/1) D:5
   Lair: D:8-11

Altars:
Ashenzari
Cheibriados
Dithmenos
Elyvilon
Fedhas
Gozag
Hepliaklqana
Kikubaaqudgha
Makhleb
Nemelex Xobeh
Okawaru
Qazlal
Ru
Sif Muna
Trog
Uskayaw
Vehumet
Wu Jian
Xom
Yredelemnul
Zin
The Shining One


Innate Abilities, Weirdness & Mutations

You are very small and have problems with some larger weapons.
You are too small for most types of armour.
You have supernaturally acute eyesight. (SInv)
You are a herbivore.
You cover ground extremely quickly.
You need consume almost no food.
Your magical capacity is low. (-10% MP)
Your system is resistant to poisons. (rPois)


Message History

The hippogriff closely misses you.
The centaur hits you but does no damage.
You puncture the adder!
You kill the adder!
Dithmenos accepts your kill.
You can now transform into a swirling mass of shadows.
The giant cockroach bites you but does no damage.
The orc completely misses you. The centaur completely misses you.
The steam dragon breathes steam at you.
The ball of steam hits the orc.
The orc dies!
The ball of steam misses you.
The ball of steam hits the giant cockroach.
The giant cockroach dies!
You hear a shout! x2
You see here an elephant corpse.
You hit the hippogriff.
The hippogriff is lightly wounded.
You are engulfed in a cloud of scalding steam.
You die...

... .... # ....### ####
....%..########## #...
.......#........# ##...
.......#........# #..._
.###...#.c§†....######....
.......§§@o...............
.....D.#.H......##.#######
.......###########.#
....S.. #.# ....... #.#
....... #.# ..###.. #.# ..
### #.# #.#


You could see a hippogriff, a centaur and an orc.

Vanquished Creatures
  An elephant (D:8)
  The ghost of faabio the Slasher, an amateur MiMo of Qazlal (D:4)
  Prince Ribbit (D:8)
  A hippogriff (D:8)
  Grinder (D:5)
  A basilisk (D:8)
  Menkaure (D:6)
  Duvessa (D:6)
  An orc warrior (D:8)
  A necrophage (D:7)
  2 phantoms
  2 sky beasts (D:6)
  3 ogres
  2 centaurs
  3 big kobolds (D:7)
  Blork the orc (D:5)
  Dowan (D:6)
  3 scorpions
  A wyvern skeleton (D:6)
  3 howler monkeys (D:7)
  2 crimson imps
  2 jellies
  2 quasits
  A bullfrog skeleton (D:7)
  A hound (D:5)
  4 orc priests
  2 iguanas
  2 orc wizards
  Ijyb (D:4)
  Terence (D:3)
  3 worker ants
  A killer bee zombie (D:8)
  3 gnolls (D:4)
  11 adders
  A shadow imp (D:6)
  4 oozes
  3 adder skeletons (D:5)
  2 worms
  A dart slug (D:2)
  6 leopard geckos
  11 orcs
  4 giant cockroaches
  7 goblins
  10 hobgoblins
  11 jackals
  14 kobolds
  4 quokkas
  A ball python (D:7)
  7 bats
  5 frilled lizards
  2 leopard gecko zombies
  10 rats
170 creatures vanquished.

Vanquished Creatures (others)
  An orc (D:8)
  A giant cockroach (D:8)
  3 fungi (D:8)
  2 plants (D:8)
7 creatures vanquished.

Grand Total: 177 creatures vanquished

Notes
Turn   | Place    | Note
-------+----------+-------------------------------------------
     0 | D:1      | Hercules1031 the Spriggan Monk began the quest for the Orb.
     0 | D:1      | Reached XP level 1. HP: 11/11 MP: 2/2
   219 | D:1      | Reached XP level 2. HP: 11/16 MP: 3/3
   338 | D:1      | Gained mutation: Your magical capacity is low. (-10% MP) [potion of mutation]
   338 | D:1      | Gained mutation: Your system is resistant to poisons. (rPois) [potion of mutation]
   663 | D:1      | Reached XP level 3. HP: 19/19 MP: 3/3
  1281 | D:2      | Reached skill level 5 in Dodging
  1344 | D:2      | Reached skill level 4 in Stealth
  1382 | D:2      | Found a blossoming altar of Fedhas.
  1810 | D:3      | Reached XP level 4. HP: 24/24 MP: 4/4
  1905 | D:3      | Noticed Terence
  1907 | D:3      | Killed Terence
  2498 | D:4      | Found a shimmering altar of Xom.
  2498 | D:4      | Found a deep blue altar of Sif Muna.
  2506 | D:4      | Found an ornate altar of the Wu Jian Council.
  2509 | D:4      | Found a shadowy altar of Dithmenos.
  2511 | D:4      | Found a sacrificial altar of Ru.
  2537 | D:4      | Became a worshipper of Dithmenos the Shadowed
  2537 | D:4      | Reached * piety under Dithmenos
  2537 | D:4      | Reached ** piety under Dithmenos
  2587 | D:4      | Reached skill level 5 in Stealth
  2587 | D:4      | Reached XP level 5. HP: 15/28 MP: 5/5
  2708 | D:4      | Noticed Ijyb
  2714 | D:4      | Killed Ijyb
  2734 | D:4      | Noticed faabio's ghost (amateur MiMo)
  2738 | D:4      | Reached skill level 6 in Stealth
  2767 | D:4      | Killed faabio's ghost
  2767 | D:4      | Reached skill level 7 in Stealth
  2768 | D:4      | Reached XP level 6. HP: 17/32 MP: 6/6
  3088 | D:4      | Reached XP level 7. HP: 36/36 MP: 7/7
  3436 | D:5      | Entered Level 5 of the Dungeon
  3442 | D:5      | Noticed Blork the orc
  3459 | D:5      | Killed Blork the orc
  3459 | D:5      | Reached skill level 8 in Stealth
  3644 | D:5      | Found an iron altar of Okawaru.
  3644 | D:5      | Found a bloodstained altar of Trog.
  3669 | D:5      | Noticed Grinder
  3676 | D:5      | Killed Grinder
  3676 | D:5      | Reached skill level 9 in Stealth
  3753 | D:5      | Found a staircase to the Ecumenical Temple.
  3792 | Temple   | Entered the Ecumenical Temple
  3975 | D:5      | Found a hazy altar of Hepliaklqana.
  4076 | D:5      | Found a sparkling altar of Nemelex Xobeh.
  4076 | D:5      | Found an opulent altar of Gozag.
  4244 | D:5      | Found a bloodstained altar of Trog.
  4262 | D:5      | Reached XP level 8. HP: 40/40 MP: 8/8
  4275 | D:5      | Reached *** piety under Dithmenos
  4367 | D:6      | Reached skill level 5 in Short Blades
  4403 | D:6      | Reached skill level 10 in Stealth
  4439 | D:6      | Found a glowing silver altar of Zin.
  4461 | D:6      | Reached skill level 10 in Dodging
  4550 | D:6      | Found a sparkling altar of Nemelex Xobeh.
  4557 | D:6      | Noticed Menkaure
  4564 | D:6      | Killed Menkaure
  4624 | D:6      | Noticed Duvessa
  4624 | D:6      | Noticed Dowan
  4629 | D:6      | Killed Duvessa
  4629 | D:6      | Reached skill level 11 in Stealth
  4630 | D:6      | Killed Dowan
  4850 | D:6      | Found a glowing golden altar of the Shining One.
  5074 | D:7      | Learned a level 1 spell: Pain
  5080 | D:7      | Learned a level 5 spell: Borgnjor's Vile Clutch
  5140 | D:7      | Reached XP level 9. HP: 44/44 MP: 9/9
  5406 | D:7      | Reached **** piety under Dithmenos
  5408 | D:7      | Reached skill level 12 in Stealth
  5477 | D:7      | Got an iridescent quarterstaff
  5521 | D:7      | Identified the +2 quarterstaff of Dim Light {crush, rN+ MR++ Stlth-} (You found it on level 7 of the Dungeon)
  5736 | D:8      | Found a stormy altar of Qazlal.
  6342 | D:8      | Found a sparkling altar of Nemelex Xobeh.
  6366 | D:8      | Noticed an elephant
  6367 | D:8      | Noticed Prince Ribbit
  6400 | D:8      | Killed an elephant
  6400 | D:8      | Reached skill level 13 in Stealth
  6405 | D:8      | Killed Prince Ribbit
  6407 | D:8      | HP: 2/66 [hippogriff (7)]
  6411 | D:8      | Reached XP level 10. HP: 2/49 MP: 10/10
  6415 | D:8      | Reached ***** piety under Dithmenos
  6417 | D:8      | Engulfed by a steam dragon's steam

Skill      XL: |  1  2  3  4  5  6  7  8  9 |
---------------+----------------------------+-----
Fighting       | 3 |  3.1
Dodging        | 5 7 9 11 12 | 12.8
Stealth        | 4 5 7 9 11 13 | 13.4
Short Blades   | 4 6 8 |  8.1

Action                   |  1- 3 |  4- 6 |  7- 9 | 10-12 || total
-------------------------+-------+-------+-------+-------++-------
Melee: Short sword       |   116 |       |       |       ||   116
       Dagger            |    32 |   135 |   381 |     5 ||   553
  Use: Potion            |     2 |     2 |     7 |       ||    11
       Scroll            |     4 |     3 |    11 |       ||    18
 Stab: Sleeping          |     8 |     8 |    42 |       ||    58
       Distracted        |     1 |     1 |     4 |       ||     6
  Eat: Ration            |     4 |     2 |     1 |       ||     7
Armor: Robe              |    21 |     2 |    18 |     3 ||    44
Dodge: Dodged            |   144 |    87 |   334 |    15 ||   580
